 Dungeon Crawl Stone Soup version 0.23.1 (webtiles) character file.

Game seed: 8621815177178111417

7833 PentaManta the Covert (level 11, -4/73 HPs)
             Began as a Kobold Hunter on Mar 17, 2019.
             Was a Believer of Okawaru.
             Slain by a cyclops (35 damage)
             ... on level 10 of the Dungeon.
             The game lasted 00:25:56 (11370 turns).

PentaManta the Covert (Kobold Hunter)              Turns: 11370, Time: 00:25:56

Health: -4/73      AC:  6    Str: 13    XL:     11   Next: 44%
Magic:  10/11      EV: 23    Int: 12    God:    Okawaru [**....]
Gold:   625        SH:  0    Dex: 16    Spells: 10/10 levels left

rFire    . . .     SeeInvis .   a - +1 hand crossbow
rCold    + . .     Gourm    .   (shield restricted)
rNeg     + . .     Faith    .   D - +1 robe {rC+}
rPois    +         Spirit   .   q - +2 helmet
rElec    .         Reflect  .   (no cloak)
rCorr    .         Harm     .   (no gloves)
MR       .....                  (no boots)
Stlth    +++++.....             g - amulet of the acrobat
HPRegen  0.22/turn              h - ring of positive energy
MPRegen  0.12/turn              m - ring of poison resistance

@: lethally poisoned (-4 -> -4)
A: small, carnivore
a: Heroism, Renounce Religion


You were on level 10 of the Dungeon.
You worshipped Okawaru.
Okawaru was pleased with you.
You were full.

You visited 2 branches of the dungeon, and saw 11 of its levels.

You collected 625 gold pieces.

Inventory:

Hand Weapons
 a - a +1 hand crossbow (weapon)
 S - a +3 mace
Missiles
 d - 34 bolts (quivered)
 v - a throwing net
 F - 4 tomahawks
 L - 6 silver tomahawks
Armour
 c - a +0 plate armour
 q - a +2 helmet (worn)
 D - a +1 robe of cold resistance (worn)
Jewellery
 b - an uncursed ring of positive energy
 g - an amulet of the acrobat (around neck)
 h - a ring of positive energy (left hand)
 m - a ring of poison resistance (right hand)
 x - an uncursed ring of positive energy
 I - a cursed -2 ring of dexterity {unknown}
 P - an uncursed amulet of guardian spirit {unknown}
 R - an uncursed ring of positive energy
Wands
 p - a wand of iceblast (16)
Scrolls
 e - 6 scrolls of teleportation {unknown}
 k - 5 scrolls of fear {unknown}
 l - 3 scrolls of random uselessness {unknown}
 o - a scroll of fog {unknown}
 t - 6 scrolls of identify {unknown}
 u - 2 scrolls of remove curse {unknown}
 y - 3 scrolls of immolation {unknown}
 B - 2 scrolls of noise {unknown}
 E - a scroll of blinking {unknown}
 J - 3 scrolls of enchant weapon {unknown}
 O - a scroll of enchant armour {unknown}
 Q - a scroll of amnesia {unknown}
Potions
 i - 2 potions of agility {unknown}
 j - 6 potions of curing {unknown}
 n - a potion of might {unknown}
 r - a potion of berserk rage {unknown}
 s - 2 potions of invisibility {unknown}
 w - 2 potions of haste {unknown}
 z - 2 potions of heal wounds {unknown}
 A - 3 potions of ambrosia {unknown}
 C - 2 potions of flight {unknown}
 G - 3 potions of cancellation {unknown}
 H - a potion of resistance {unknown}
 M - 2 potions of lignification {unknown}
 N - a potion of magic {unknown}
Comestibles
 f - 18 rations


   Skills:
 * Level 10.9 Fighting
 - Level 10.1 Crossbows
 + Level 10.7 Dodging
 - Level 11.0 Stealth


You had 10 spell levels left.
You didn't know any spells.
Your spell library contained the following spells:

 Spells                   Type           Power        Failure   Level  Hunger
 Beastly Appendage        Tmut           #.....       32%         1    ##.....
 Corpse Rot               Necr           N/A          45%         2    ###....
 Passwall                 Tmut/Erth      #.......     45%         2    ###....
 Regeneration             Chrm/Necr      #.........   69%         3    ####...
 Bolt of Draining         Conj/Necr      #.........   100%        5    ######.
 Dragon Form              Tmut           #.........   100%        7    #######


Dungeon Overview and Level Annotations

Branches:
Dungeon (10/15)            Temple (1/1) D:4
   Lair: D:8-11         Orc: D:9-12

Altars:
Ashenzari
Cheibriados
Dithmenos
Elyvilon
Fedhas
Gozag
Hepliaklqana
Kikubaaqudgha
Makhleb
Nemelex Xobeh
Okawaru
Qazlal
Ru
Sif Muna
Trog
Uskayaw
Vehumet
Wu Jian
Xom
Yredelemnul
Zin
The Shining One


Innate Abilities, Weirdness & Mutations

You are small and have problems with some larger weapons.
You are carnivorous and can eat meat at any time.


Message History

The cyclops is lightly wounded.
You are too injured to fight recklessly!
Firing (i - inventory. (/) - cycle)
d - 37 bolts (quivered)
Press: ? - help, Shift-Dir - straight line, f/p - cyclops
Aim: a cyclops (lightly wounded)
You shoot a bolt. The bolt hits the cyclops!
The cyclops is heavily wounded.
The cyclops misses you.
Firing (i - inventory. (/) - cycle)
d - 36 bolts (quivered)
Press: ? - help, Shift-Dir - straight line, f/p - cyclops
Aim: a cyclops (heavily wounded)
You shoot a bolt. The bolt hits the cyclops.
The cyclops is heavily wounded.
Firing (i - inventory. (/) - cycle)
d - 35 bolts (quivered)
Press: ? - help, Shift-Dir - straight line, f/p - cyclops
Aim: a cyclops (heavily wounded)
You shoot a bolt. The bolt hits the cyclops!
The cyclops is severely wounded.
You feel sick. The cyclops hits you!!
You die...

###>.....#####..## ##........ #
#............## # ##.......
##..#######..##.#( ##.....#
##..##.#.#.##.#.#..### #....##
#..##.#.#.#.###.#.#.. # #.#+##
#.##.#.#.#.#.#..#.#.#.# #.#.
..#.#.#.#.#.#...#.#...# #.#.#
.÷##.#.#.#.#.#..#†.###..# #.#.##
..÷.#.#.#.#.#..#@#.....# ##....##
..##.#.#.#.#.#.##C#####.##......
#.#.#.#.#.#.#.####l....##......#
..##.#.#.#.#.###.....###...##..##
#..##.#.#.#.###..#(.##...........
##. ##.#.#.###..#.#.. #........##
. ########..# . #..##.####.##
#..# .l #..#.# #.# #.# (: #.#.#
#.#


You could see a cyclops and an iguana.

Vanquished Creatures
  2 centaur skeletons (D:10)
  2 hornets
  4 hippogriffs
  8 yaks
  A basilisk (D:10)
  2 hungry ghosts
  Menkaure (D:7)
  A water moccasin (D:7)
  A black bear (D:10)
  4 sky beasts
  2 ice beasts
  2 necrophages
  6 ogres
  4 centaurs
  A crocodile (D:9)
  A big kobold (D:7)
  6 bullfrogs
  A water moccasin zombie (D:8)
  A wyvern skeleton (D:8)
  2 scorpions
  11 killer bees
  5 wights (D:10)
  3 howler monkeys
  4 crimson imps
  7 hounds
  3 jellies (D:8)
  A bullfrog zombie (D:9)
  3 bullfrog skeletons
  2 gnoll shamans
  4 iguanas
  4 orc wizards
  A worker ant (D:9)
  A hound zombie (D:8)
  2 hound skeletons
  13 gnolls
  7 adders
  3 shadow imps
  7 oozes
  An adder zombie (D:5)
  2 adder skeletons
  2 worms
  3 dart slugs
  4 leopard geckos
  16 orcs
  A ball python (D:1)
  4 giant cockroaches
  8 goblins
  7 hobgoblins
  3 jackals (D:2)
  6 quokkas
  5 bats (D:1)
  2 frilled lizards
  13 kobolds
  A leopard gecko zombie (D:9)
  A quokka skeleton (D:4)
  9 rats
221 creatures vanquished.

Vanquished Creatures (others)
  A plant (D:5)
1 creature vanquished.

Grand Total: 222 creatures vanquished

Notes
Turn   | Place    | Note
-------+----------+-------------------------------------------
     0 | D:1      | PentaManta the Kobold Hunter began the quest for the Orb.
     0 | D:1      | Reached XP level 1. HP: 12/12 MP: 1/1
   323 | D:1      | Reached XP level 2. HP: 17/17 MP: 2/2
   332 | D:1      | Reached skill level 2 in Stealth
   492 | D:1      | Reached skill level 5 in Crossbows
   739 | D:1      | Reached XP level 3. HP: 11/21 MP: 3/3
  1361 | D:2      | Reached skill level 3 in Stealth
  2213 | D:3      | Reached XP level 4. HP: 24/26 MP: 4/4
  2629 | D:3      | Found a glowing silver altar of Zin.
  2698 | D:3      | Noticed an ogre
  2710 | D:3      | Killed an ogre
  2710 | D:3      | Reached skill level 5 in Dodging
  2710 | D:3      | Reached XP level 5. HP: 30/30 MP: 5/5
  3077 | D:3      | Reached XP level 6. HP: 33/35 MP: 6/6
  3130 | D:4      | Found a burning altar of Makhleb.
  3330 | D:4      | Noticed an ogre
  3346 | D:4      | Killed an ogre
  3851 | D:4      | Found a staircase to the Ecumenical Temple.
  3901 | Temple   | Entered the Ecumenical Temple
  3915 | Temple   | Reached XP level 7. HP: 40/40 MP: 7/7
  4499 | D:5      | Entered Level 5 of the Dungeon
  4579 | D:5      | Reached XP level 8. HP: 39/44 MP: 8/8
  4656 | D:5      | Found a shattered altar of Ashenzari.
  4665 | D:5      | Noticed a yak
  4667 | D:5      | Noticed a yak
  4669 | D:5      | Noticed a yak
  4687 | D:4      | Killed a yak
  4843 | D:4      | Killed a yak
  4942 | D:5      | Noticed a yak
  5562 | D:5      | Reached skill level 10 in Dodging
  5825 | D:5      | Identified Sif Muna's Volume of Evil and Moulding
  5842 | D:5      | Found a shattered altar of Ashenzari.
  5846 | D:5      | Saw a vision of the Swamp and the Snake Pit.
  5846 | D:5      | Noticed an alligator
  5846 | D:5      | Noticed an alligator
  5846 | D:5      | Noticed a black mamba
  5846 | D:5      | Noticed a black mamba
  5846 | D:5      | Noticed a naga mage
  5931 | D:5      | Reached XP level 9. HP: 41/48 MP: 9/9
  6091 | D:6      | Reached skill level 4 in Stealth
  6635 | D:6      | Reached skill level 5 in Stealth
  6837 | D:7      | Noticed Menkaure
  6846 | D:7      | Killed Menkaure
  6846 | D:7      | Reached skill level 10 in Crossbows
  6993 | D:7      | Noticed a hippogriff
  7000 | D:7      | Killed a hippogriff
  7000 | D:7      | Reached skill level 6 in Stealth
  7682 | D:8      | Reached skill level 7 in Stealth
  7754 | D:8      | Noticed a hornet
  7907 | D:8      | Killed a hornet
  7907 | D:8      | Reached XP level 10. HP: 51/58 MP: 10/10
  7951 | D:8      | Reached skill level 5 in Fighting
  8107 | D:8      | Reached skill level 8 in Stealth
  8549 | D:8      | Reached skill level 9 in Stealth
  9656 | D:9      | Found an iron altar of Okawaru.
  9659 | D:9      | Became a worshipper of Warmaster Okawaru
 10205 | D:10     | Entered Level 10 of the Dungeon
 10214 | D:10     | Reached skill level 10 in Stealth
 10238 | D:10     | Reached * piety under Okawaru
 10257 | D:10     | Reached XP level 11. HP: 68/71 MP: 11/11
 10941 | D:10     | Reached skill level 10 in Fighting
 10941 | D:10     | Reached skill level 11 in Stealth
 11264 | D:10     | Reached ** piety under Okawaru
 11338 | D:10     | Noticed a cyclops
 11350 | D:10     | Paralysed by a hornet for 2 turns
 11370 | D:10     | Slain by a cyclops

Skill      XL: |  1  2  3  4  5  6  7  8  9 10 11 |
---------------+----------------------------------+-----
Stealth        | 2 3 7 10 11 | 11.0
Crossbows      | 5 6 7 8 10 | 10.1
Dodging        | 3 5 6 8 10 | 10.7
Fighting       | 4 9 10 | 10.9

Action                   |  1- 3 |  4- 6 |  7- 9 | 10-12 || total
-------------------------+-------+-------+-------+-------++-------
Melee: Short sword       |   167 |   102 |       |       ||   269
 Fire: Hand crossbow     |     6 |    51 |   362 |   418 ||   837
Throw: Throwing net      |       |       |       |     2 ||     2
Invok: Heroism           |       |       |       |     2 ||     2
 Stab: Sleeping          |     3 |     2 |       |       ||     5
       Distracted        |       |     1 |       |       ||     1
  Eat: Chunk             |     1 |     6 |     8 |    20 ||    35
       Ration            |     1 |       |     2 |     1 ||     4
Armor: Leather armour    |    42 |    23 |       |       ||    65
       Robe              |       |     2 |    24 |    32 ||    58
Dodge: Dodged            |   147 |   157 |   197 |   244 ||   745
